 Dungeon Crawl Stone Soup version 0.26.1-11-gd32895ea62 (webtiles) character file.

Game seed: 12763553920258175434

5812 Ntrails the Fighter (level 10, -1/94 HPs)
             Began as a Ghoul Gladiator on July 8, 2021.
             Was a Follower of Dithmenos.
             Slain by a yak (2 damage)
             ... on level 8 of the Dungeon.
             The game lasted 00:25:41 (14585 turns).

Ntrails the Fighter (Ghoul Gladiator)              Turns: 14585, Time: 00:25:42

Health: -1/94      AC:  6    Str: 20    XL:     10   Next: 79%
Magic:  9/9        EV: 17    Int:  3    God:    Dithmenos [*.....]
Gold:   508        SH:  0    Dex: 12    Spells: 9/9 levels left

rFire    + . .     SeeInvis .   t - +2 dagger (venom)
rCold    + . .     Faith    .   (no shield)
rNeg     + + +     Spirit   .   B - +0 leather armour {rF+}
rPois    ∞         Reflect  .   c - +0 helmet
rElec    .         Harm     .   x - +0 cloak
rCorr    .         Rampage  .   C - +0 pair of gloves
Will     .....                  (no boots)
Stlth    ++........             H - amulet of regeneration
HPRegen  0.00/turn              y - ring of flight
MPRegen  0.11/turn              A - +4 ring of evasion

@: wreathed by umbra, very slow
A: claws 1, cold resistance 1, negative energy resistance 3, inhibited
regeneration, torment resistance, unbreathing
a: Renounce Religion, Evoke Flight


You were on level 8 of the Dungeon.
You worshipped Dithmenos.
Dithmenos was aware of your devotion.
You visited 2 branches of the dungeon, and saw 11 of its levels.

You collected 508 gold pieces.

Inventory:

Hand Weapons
 k - a +4 dagger
 m - a +1 dagger of protection
 t - a +2 dagger of venom (weapon)
 D - a +1 short sword of draining
 I - the +1 hunting sling "Noovat" {freeze, rF+ Dex+4}
   (You found it on level 5 of the Dungeon)

   It causes projectiles fired from it to freeze those they strike, causing
   extra injury to most foes and up to half again as much damage against
   particularly susceptible opponents.
   They can also slow down cold-blooded creatures.
   It affects your dexterity (+4).
   It protects you from fire.
Missiles
 d - a throwing net (quivered)
 U - 93 sling bullets
Armour
 c - a +0 helmet (worn)
 x - a +0 cloak (worn)
 B - a +0 leather armour of fire resistance (worn)
 C - a +0 pair of gloves (worn)
 T - +0 swamp dragon scales
 V - a +2 robe of cold resistance
Jewellery
 v - an uncursed ring of fire
 y - a ring of flight (left hand)
 A - a +4 ring of evasion (right hand)
 H - an amulet of regeneration (around neck)
Wands
 b - a wand of paralysis (7)
 u - a wand of acid (2)
 w - a wand of digging (8)
 M - a wand of random effects (36)
Scrolls
 e - 2 scrolls of amnesia
 h - 3 scrolls of fear
 j - 3 scrolls of noise
 l - 6 scrolls of remove curse
 n - a scroll of summoning {unknown}
 o - a scroll of enchant armour {unknown}
 q - 3 scrolls of immolation
 r - 5 scrolls of teleportation
 z - a scroll of enchant weapon {unknown}
 F - a scroll of blinking {unknown}
 K - a scroll of magic mapping {unknown}
 L - 2 scrolls of torment {unknown}
 P - a scroll of fog {unknown}
Potions
 f - 2 potions of cancellation
 g - 5 potions of magic
 i - a potion of curing {unknown}
 p - a potion of invisibility {unknown}
 G - a potion of lignification {unknown}
 J - 2 potions of heal wounds {unknown}
 N - a potion of brilliance {unknown}
 O - a potion of resistance {unknown}
 Q - a potion of haste {unknown}
 S - a potion of berserk rage {unknown}
Miscellaneous
 a - a phantom mirror


   Skills:
 - Level 10.5 Fighting
 + Level 8.2(8.4) Short Blades
 - Level 2.7(5.9) Long Blades
 - Level 1.7 Throwing
 + Level 4.3 Dodging
 + Level 9.6 Stealth


You had 9 spell levels left.
You didn't know any spells.
Your spell library contained the following spells:

 Spells                   Type           Power        Failure   Level
 Bolt of Magma            Conj/Fire/Erth 0%           100%        5
 Iskenderun's Battlesphe  Conj           0%           100%        5
 Iron Shot                Conj/Erth      0%           100%        6
 Orb of Destruction       Conj           0%           100%        7
 Spellforged Servitor     Conj/Summ      0%           100%        7
 Beastly Appendage        Tmut           Unusable     N/A         1
 Wereblood                Tmut           Unusable     N/A         2
 Spider Form              Tmut/Pois      Unusable     N/A         3
 Ice Form                 Ice/Tmut       Unusable     N/A         4
 Blade Hands              Tmut           Unusable     N/A         5

Dungeon Overview and Level Annotations

Branches:
Dungeon (10/15)            Temple (1/1) D:7
   Lair: D:8-11         Orc: D:9-12

Altars:
Dithmenos
Fedhas
Okawaru
Sif Muna

Shops:
D:5 (


Innate Abilities, Weirdness & Mutations

You thrive by killing the living.
You are immune to poison.
You have sharp fingernails.
Your flesh is cold resistant. (rC+)
You are immune to negative energy. (rN+++)
You do not regenerate when monsters are visible.
You are immune to unholy pain and torment.
You can survive without breathing.


Message History

You climb downwards.
There is a stone staircase leading up here.
A yak is nearby!
Unknown command.
The yak barely misses you.
You climb upwards.
There is a stone staircase leading down here.
You enter the shallow water.
Moving in this stuff is going to be slow.
The yak completely misses you. The yak misses you. The yak barely misses you.
You see here an arrow.
You see here 2 arrows.
You see here an arrow.
You enter the shallow water.
Moving in this stuff is going to be slow.
The yak misses you. The yak closely misses you. The yak gores you.
You die...

#.##.....≈....#.#............(().
#.##.[...≈....#.#................
#.##........≈P.≈........#######(.
#.##......).P≈≈≈≈.####### #..
.....#####.≈≈P♣♣≈≈≈P# #(.
#.##.......P♣♣♣♣♣≈P## #..
#.##....≈..≈≈♣ ♣♣≈..# #.c
#.##...≈≈P.P≈♣ ♣YY..# #..
#.##....≈..≈≈♣♣♣@...# #(.
#.##.......P≈≈♣≈≈P..# #(.
.......#.##.≈≈≈P≈≈..# #.)
.....###....≈≈PP≈.### #(. ..##.#
####.#.....##### #######..
..##.######.##........###.....(..
.........##.##...................
#.##.###.##.##........###.#######
#.##.# #.##.##........# #.#


You could see 2 yaks.

Vanquished Creatures
  A two-headed ogre (D:9)
  Joseph (D:8)
  Maggie (D:8)
  A kobold demonologist (D:8)
  A hornet (D:8)
  Grinder (D:3)
  A spriggan (D:8)
  6 yaks
  Menkaure (D:4)
  2 orc warriors (D:7)
  An ice beast (D:8)
  2 sky beasts
  2 phantoms
  6 ogres
  2 centaurs
  A big kobold (D:8)
  2 bullfrogs
  A scorpion (D:9)
  An electric eel (D:8)
  A howler monkey (D:5)
  A hound (D:9)
  5 jellies
  A centaur skeleton (D:7)
  Crazy Yiuf (D:3)
  2 iguanas
  7 orc priests
  10 orc wizards
  3 worker ants
  3 worker ant zombies (D:9)
  4 gnolls
  A howler monkey skeleton (D:5)
  9 adders
  2 white imps
  An ooze (D:5)
  3 adder zombies
  An adder skeleton (D:9)
  5 dart slugs
  2 worms
  5 leopard geckos
  33 orcs
  2 ball pythons (D:3)
  8 bats
  9 giant cockroaches
  9 goblins
  6 hobgoblins
  2 jackals (D:3)
  A quokka (D:5)
  4 frilled lizards
  A jackal skeleton (D:5)
  14 kobolds
  A leopard gecko zombie (D:5)
  4 rats
195 creatures vanquished.

Vanquished Creatures (others)
  An orc (D:9)
  15 plants (D:8)
16 creatures vanquished.

Grand Total: 211 creatures vanquished

Notes
Turn   | Place    | Note
-------+----------+-------------------------------------------
     0 | D:1      | Ntrails the Ghoul Gladiator began the quest for the Orb.
     0 | D:1      | Reached XP level 1. HP: 17/17 MP: 0/0
   452 | D:1      | Reached XP level 2. HP: 25/25 MP: 1/1
   819 | D:1      | Reached skill level 3 in Fighting
   888 | D:1      | Reached XP level 3. HP: 4/31 MP: 2/2
  1690 | D:2      | Noticed an ogre
  1697 | D:2      | Killed an ogre
  1698 | D:2      | Reached skill level 5 in Fighting
  1698 | D:2      | Reached XP level 4. HP: 26/42 MP: 3/3
  1698 | D:2      | Reached XP level 5. HP: 30/48 MP: 4/4
  2315 | D:2      | Reached skill level 1 in Short Blades
  3416 | D:3      | Reached skill level 6 in Fighting
  3416 | D:3      | Reached XP level 6. HP: 40/57 MP: 5/5
  3550 | D:3      | Noticed Grinder
  3577 | D:3      | Killed Grinder
  3764 | D:3      | Reached XP level 7. HP: 59/64 MP: 6/6
  4181 | D:3      | Found a runed translucent door.
  4182 | D:3      | Noticed Crazy Yiuf
  4387 | D:3      | Killed Crazy Yiuf
  4713 | D:4      | Reached skill level 7 in Fighting
  4746 | D:4      | Reached skill level 1 in Stealth
  5351 | D:4      | Found a blossoming altar of Fedhas.
  5587 | D:4      | Reached XP level 8. HP: 39/73 MP: 7/7
  5970 | D:4      | Noticed Menkaure
  5972 | D:4      | Killed Menkaure
  6008 | D:5      | Entered Level 5 of the Dungeon
  6316 | D:5      | Found Hoaxo's Weapon Shop.
  6373 | D:5      | Got a slimy hunting sling
  6501 | D:5      | Reached skill level 8 in Fighting
  6977 | D:6      | Found an iron altar of Okawaru.
  7212 | D:6      | Identified the cursed +1 hunting sling "Noovat" {freeze,
                  | rF+ Dex+4} (You found it on level 5 of the Dungeon)
  7445 | D:6      | Reached skill level 5 in Short Blades
  8005 | D:7      | HP: 3/75 [acid (12)]
  8008 | D:7      | Reached skill level 5 in Stealth
  8362 | D:7      | Found a staircase to the Ecumenical Temple.
  8387 | Temple   | Entered the Ecumenical Temple
  8391 | Temple   | Became a worshipper of Dithmenos the Shadowed
  8756 | D:8      | Reached XP level 9. HP: 77/82 MP: 8/8
  9358 | D:7      | Reached skill level 9 in Fighting
  9646 | D:8      | Noticed a hornet
  9661 | D:8      | Killed a hornet
  9681 | D:8      | Noticed Maggie
  9882 | D:8      | Killed Maggie
 10684 | D:8      | Noticed Joseph
 10707 | D:8      | Killed Joseph
 10865 | D:8      | Reached skill level 10 in Fighting
 11937 | D:8      | Reached XP level 10. HP: 54/93 MP: 9/9
 12563 | D:9      | Noticed a kobold demonologist
 13081 | D:9      | Noticed a two-headed ogre
 13110 | D:9      | Killed a two-headed ogre
 13612 | D:9      | Noticed a rust devil
 13627 | D:8      | Killed a kobold demonologist
 13690 | D:9      | Reached * piety under Dithmenos
 14324 | D:10     | Entered Level 10 of the Dungeon
 14525 | D:8      | HP: 1/94 [yak (13)]
 14585 | D:8      | Slain by a yak

Illustrated notes

Levels and vault maps discovered:
D:1:      dpeg_arrival_round_c, layout_basic, minivault_11
D:2:      layout_basic
D:3:      layout_loops_cross, uniq_crazy_yiuf_cottage, uniq_grinder
D:4:      layout_loops_ring, st_stairs_13, fedhas_altar_fruit_tree,
          uniq_menkaure
D:5:      layout_loops_cross, serial_shops, shop_fountains
D:6:      layout_gridville, nicolae_overflow_crystal_walls
D:7:      layout_rooms, temple_pool_b
D:8:      layout_basic, serial_bayou_pond_c, serial_bayou_pond_a, the_bakery,
          uniq_maggie, uniq_joseph
D:9:      layout_big_octagon
D:10:     layout_stronghold, hiddenorc2_lemuel, enter_bailey_5, uniq_maurice
Temple:   regret_index_temple_sigil_plot

Skill      XL: |  1  2  3  4  5  6  7  8  9 10 |
---------------+-------------------------------+-----
Dodging        | 3 4 |  4.3
Fighting       | 3 5 6 7 8 10 | 10.5
Short Blades   | 1 3 4 5 7 8 |  8.2
Stealth        | 3 5 8 9 |  9.6
Long Blades    | |  2.7
Throwing       | |  1.7

Action                   |  1- 3 |  4- 6 |  7- 9 | 10-12 || total
-------------------------+-------+-------+-------+-------++-------
Melee: Long sword        |    82 |    18 |       |       ||   100
       Dagger            |       |   181 |   596 |   279 ||  1056
Throw: Throwing net      |       |       |     1 |     1 ||     2
Evoke: Wand              |       |       |       |     1 ||     1
  Use: Scroll            |       |       |     5 |    10 ||    15
 Stab: Sleeping          |     1 |       |     8 |     2 ||    11
       Invisible         |       |       |     1 |       ||     1
       Distracted        |       |       |     1 |       ||     1
       Held in net/web   |       |       |     1 |       ||     1
Armor: Leather armour    |    25 |    59 |    93 |    32 ||   209
Dodge: Dodged            |    69 |   108 |   205 |   234 ||   616
       Rpst.: Long sword |    22 |     2 |       |       ||    24
